Stars vs Kings

Created - April 25, 2023 at 21:50

Goals
1 2 3 OT1 T
Stars 4 0 0 0 4
Kings 3 1 0 1 5
Shots
1 2 3 OT1 T
Stars 10 6 6 9 31
Kings 16 8 15 6 45

GoalsPenalties
1st period
1. Stars , Henri Jokiharju 1 (Timo Meier 3, Viktor Arvidsson 3) at 3:54
2. Stars , Viktor Arvidsson 3 (Sean Durzi 4, Nazem Kadri 4) at 5:13
3. Kings , Jeff Carter 1 (Tyler Motte 1, Nic Dowd 3) at 5:42
4. Stars , Timo Meier 2 (Sean Durzi 5, Nazem Kadri 5) at 10:28
5. Stars , Phil Kessel 2 (Rickard Rakell 2, Marcus Pettersson 2) at 14:42
6. Kings , Logan Couture 4 (Ryan O'Reilly 4, Alex Pietrangelo 4) at 16:53
7. Kings , Matt Duchene 1 (Mark Giordano 3, Brandon Saad 3) at 17:30
No Penalty
2nd period
8. Kings , Ryan O'Reilly 2 (Logan Couture 1, Mattias Ekholm 3) at 15:43
Jaccob Slavin (LOS) for Holding (Minor) at 5:00
3rd period
No Goal
Vincent Trocheck (DAL) for Hooking (Minor) at 3:47
Cole Sillinger (DAL) for Hooking (Minor) at 6:14
Marcus Pettersson (DAL) for Holding (Minor) at 17:23
Overtime #1
9. Kings , Alex Ovechkin 4 (Logan Couture 2, Ryan O'Reilly 5) at 14:12
No Penalty
Goalie Stats
Thatcher Demko (DAL), 40 saves from 45 shots - (0.889), OTL, 3-2-2, 74:13 minutes
Alex Nedeljkovic (LOS), 21 saves from 21 shots - (1.000), W, 1-0-0, 59:31 minutes
Marc-Andre Fleury (LOS), 6 saves from 10 shots - (0.600), 14:42 minutes
3 StarsOfficial
1 - Logan Couture (LOS)
2 - Ryan O'Reilly (LOS)
3 - Alex Nedeljkovic (LOS)
Referees : Jim Curtin and Mike Campbell
Linesman : Kelsey Mahoney and Scott Driscoll
Game Note
Alex Nedeljkovic enters game at 14:42 of 1st period
Finance
Level 1 -- Attendance: 6500 (100.00%) -- Ticket Income $617,500
Level 2 -- Attendance: 5000 (100.00%) -- Ticket Income $375,000
Level 3 -- Attendance: 3393 (96.94%) -- Ticket Income $186,615
Level 4 -- Attendance: 2118 (100.00%) -- Ticket Income $84,720
Luxury Box -- Attendance: 1000 (100.00%) -- Ticket Income $225,000
Game was played at the Staples Center.
Total Attendance: 18011 (99.41%)
Total Ticket Income: $1,488,835
Other Income: $372,209
Total Income: $1,861,044



Team Name Goals Shots Shots Attemp Shots Blocked PIM HIT PP PK FO%
Stars 43171136280 / 1 (0%)045%
Kings 5458682310 / 3 (0%)055%

Stars
Player Name POS G A P +/- PIM HIT SHT SB MP PP MP PP SHT PK MP PK SHT FO% FOT
Anton LundellC/LW000000108:360:0003:39083% 6
Carter VerhaegheC000-2002022:111:1700:00067% 3
Cole SillingerC000-2211018:090:4200:00022% 18
Daniil MiromanovD000-1020118:190:0000:0000% 0
Elias LindholmC000-2014126:330:4210:00048% 33
Evan BouchardD000-1011230:301:2102:5100% 0
Henri JokiharjuD101-1001330:301:2102:5100% 0
Josh ArchibaldLW/RW000000003:180:0003:1800% 1
Marcus PetterssonD011-1221318:180:0000:0000% 0
Matt GrzelcykD0001060125:240:3803:0600% 0
Nazem KadriC0223024024:151:1700:00056% 25
Phil KesselRW101-2011017:280:0000:0000% 2
Rickard RakellRW011-2032117:280:0000:0000% 0
Sean DurziD0221020125:240:3803:0600% 0
Teddy BluegerC000000002:180:0002:180100% 3
Timo MeierRW1123037023:400:4210:0000% 2
Viktor ArvidssonLW1123003024:110:0001:1300% 2
Vincent TrocheckC000-2243028:331:1701:2600% 2
Kings
Player Name POS G A P +/- PIM HIT SHT SB MP PP MP PP SHT PK MP PK SHT FO% FOT
Alex GoligoskiD000-1011117:380:0000:3400% 0
Alex OvechkinLW/RW1012043021:562:4800:0000% 4
Alex PietrangeloD0110020132:443:3101:0700% 0
Brandon SaadLW011-1003013:540:0000:0000% 1
Jaccob SlavinD0002200021:060:0000:0000% 0
Jeff CarterC101000208:210:0000:00069% 13
Jon MarchessaultLW/RW000-1013016:202:2610:0000% 2
Jonathan HuberdeauLW0000026027:422:4800:00067% 3
Jordan StaalC0000051025:140:0000:20058% 26
Logan CoutureC1232053122:563:0900:390100% 1
Mark GiordanoD011-1012217:480:0000:4400% 0
Matt DucheneC101-1004016:422:4800:00059% 17
Mattias EkholmD0112043023:592:2610:2600% 0
Nic DowdC/RW011000109:260:0001:05050% 2
Ryan O'ReillyC1232019022:513:0910:34054% 26
Ryan SuterD0000012232:443:3101:0700% 0
Tyler MotteLW/RW011001009:410:0001:2000% 0
Vladimir TarasenkoRW0000032128:033:0910:00050% 2



Play-by-Play

1st period


0:01 of 1st period - Elias Lindholm wins face-off versus Vladimir Tarasenko in neutral zone.
0:06 of 1st period - Shot by Vincent Trocheck.
0:06 of 1st period - Shot Blocked by Vladimir Tarasenko.
0:30 of 1st period - Henri Jokiharju is hit by Jordan Staal and loses puck.
0:37 of 1st period - Shot by Vincent Trocheck.
0:37 of 1st period - Shot Misses the Net.
0:41 of 1st period - Shot by Elias Lindholm.
0:41 of 1st period - Shot Misses the Net.
1:29 of 1st period - Shot by Nazem Kadri.
1:29 of 1st period - Shot Misses the Net.
1:53 of 1st period - Shot by Cole Sillinger.
1:53 of 1st period - Stopped by Marc-Andre Fleury without a rebound.
1:54 of 1st period - Ryan O'Reilly wins face-off versus Cole Sillinger in Kings zone.
3:02 of 1st period - Shot by Matt Duchene.
3:02 of 1st period - Shot Misses the Net.
3:14 of 1st period - Shot by Matt Duchene.
3:14 of 1st period - Stopped by Thatcher Demko without a rebound.
3:15 of 1st period - Jeff Carter wins face-off versus Nazem Kadri in Stars zone.
3:22 of 1st period - Shot by Nazem Kadri.
3:22 of 1st period - Stopped by Marc-Andre Fleury without a rebound.
3:23 of 1st period - Jeff Carter wins face-off versus Elias Lindholm in Kings zone.
3:40 of 1st period - Shot by Carter Verhaeghe.
3:40 of 1st period - Stopped by Marc-Andre Fleury without a rebound.
3:41 of 1st period - Nazem Kadri wins face-off versus Ryan O'Reilly in Kings zone.
3:44 of 1st period - Shot by Timo Meier.
3:44 of 1st period - Stopped by Marc-Andre Fleury without a rebound.
3:45 of 1st period - Matt Duchene wins face-off versus Timo Meier in Kings zone.
3:52 of 1st period - Shot by Timo Meier.
3:52 of 1st period - Shot Misses the Net.
3:54 of 1st period - Shot by Henri Jokiharju.
3:54 of 1st period - Goal by Henri Jokiharju - Stars : 1 - Kings : 0.
3:55 of 1st period - Carter Verhaeghe wins face-off versus Ryan O'Reilly in neutral zone.
4:03 of 1st period - Vincent Trocheck is hit by Logan Couture and loses puck.
4:07 of 1st period - Icing by Elias Lindholm.
4:08 of 1st period - Matt Duchene wins face-off versus Elias Lindholm in Stars zone.
4:21 of 1st period - Shot by Matt Duchene.
4:21 of 1st period - Shot Misses the Net.
4:25 of 1st period - Shot by Matt Duchene.
4:25 of 1st period - Deflect By Brandon Saad.
4:25 of 1st period - Shot Misses the Net.
4:35 of 1st period - Shot by Brandon Saad.
4:35 of 1st period - Shot Blocked by Henri Jokiharju.
4:37 of 1st period - Shot by Brandon Saad.
4:37 of 1st period - Stopped by Thatcher Demko without a rebound.
4:38 of 1st period - Ryan O'Reilly wins face-off versus Nazem Kadri in Stars zone.
5:07 of 1st period - Shot by Timo Meier.
5:07 of 1st period - Shot Blocked by Ryan Suter.
5:09 of 1st period - Shot by Matt Grzelcyk.
5:09 of 1st period - Shot Misses the Net.
5:11 of 1st period - Shot by Timo Meier.
5:11 of 1st period - Deflect By Nazem Kadri.
5:11 of 1st period - Shot Blocked by Logan Couture.
5:13 of 1st period - Shot by Sean Durzi.
5:13 of 1st period - Deflect By Viktor Arvidsson.
5:13 of 1st period - Goal by Viktor Arvidsson - Stars : 2 - Kings : 0.
5:14 of 1st period - Jordan Staal wins face-off versus Elias Lindholm in neutral zone.
5:14 of 1st period - Jonathan Huberdeau is hit by Vincent Trocheck and loses puck.
5:25 of 1st period - Shot by Elias Lindholm.
5:25 of 1st period - Shot Misses the Net.
5:27 of 1st period - Shot by Elias Lindholm.
5:27 of 1st period - Deflect By Vincent Trocheck.
5:27 of 1st period - Stopped by Marc-Andre Fleury without a rebound.
5:28 of 1st period - Jeff Carter wins face-off versus Cole Sillinger in Kings zone.
5:28 of 1st period - Jeff Carter is hit by Rickard Rakell.
5:42 of 1st period - Shot by Jeff Carter.
5:42 of 1st period - Goal by Jeff Carter - Stars : 2 - Kings : 1.
5:43 of 1st period - Jonathan Huberdeau wins face-off versus Elias Lindholm in neutral zone.
6:11 of 1st period - Shot by Vincent Trocheck.
6:11 of 1st period - Shot Misses the Net.
6:25 of 1st period - Shot by Anton Lundell.
6:25 of 1st period - Shot Blocked by Ryan Suter.
6:45 of 1st period - Sean Durzi is hit by Logan Couture and loses puck.
7:16 of 1st period - Shot by Logan Couture.
7:16 of 1st period - Stopped by Thatcher Demko without a rebound.
7:17 of 1st period - Matt Duchene wins face-off versus Cole Sillinger in Stars zone.
7:55 of 1st period - Rickard Rakell is hit by Mattias Ekholm and loses puck.
8:06 of 1st period - Daniil Miromanov is hit by Jon Marchessault and loses puck.
8:25 of 1st period - Shot by Jeff Carter.
8:25 of 1st period - Shot Misses the Net.
8:27 of 1st period - Shot by Alex Pietrangelo.
8:27 of 1st period - Shot Misses the Net.
8:29 of 1st period - Shot by Ryan Suter.
8:29 of 1st period - Stopped by Thatcher Demko with a rebound.
8:56 of 1st period - Shot by Tyler Motte.
8:56 of 1st period - Shot Misses the Net.
9:33 of 1st period - Shot by Jonathan Huberdeau.
9:33 of 1st period - Stopped by Thatcher Demko without a rebound.
9:34 of 1st period - Elias Lindholm wins face-off versus Alex Ovechkin in Stars zone.
9:34 of 1st period - Elias Lindholm is hit by Logan Couture.
9:37 of 1st period - Vincent Trocheck is hit by Logan Couture and loses puck.
9:52 of 1st period - Shot by Evan Bouchard.
9:52 of 1st period - Stopped by Marc-Andre Fleury without a rebound.
9:53 of 1st period - Matt Duchene wins face-off versus Viktor Arvidsson in Kings zone.
9:53 of 1st period - Matt Duchene is hit by Nazem Kadri.
10:16 of 1st period - Shot by Jon Marchessault.
10:16 of 1st period - Shot Blocked by Sean Durzi.
10:28 of 1st period - Shot by Timo Meier.
10:28 of 1st period - Goal by Timo Meier - Stars : 3 - Kings : 1.
10:29 of 1st period - Jordan Staal wins face-off versus Elias Lindholm in neutral zone.
11:10 of 1st period - Shot by Jonathan Huberdeau.
11:10 of 1st period - Shot Misses the Net.
11:12 of 1st period - Shot by Jordan Staal.
11:12 of 1st period - Shot Blocked by Elias Lindholm.
11:14 of 1st period - Shot by Mattias Ekholm.
11:14 of 1st period - Stopped by Thatcher Demko with a rebound.
11:47 of 1st period - Shot by Logan Couture.
11:47 of 1st period - Shot Misses the Net.
11:49 of 1st period - Shot by Mark Giordano.
11:49 of 1st period - Stopped by Thatcher Demko without a rebound.
11:50 of 1st period - Nazem Kadri wins face-off versus Matt Duchene in Stars zone.
12:13 of 1st period - Shot by Brandon Saad.
12:13 of 1st period - Stopped by Thatcher Demko without a rebound.
12:14 of 1st period - Ryan O'Reilly wins face-off versus Elias Lindholm in Stars zone.
12:19 of 1st period - Shot by Alex Ovechkin.
12:19 of 1st period - Shot Misses the Net.
12:21 of 1st period - Shot by Alex Goligoski.
12:21 of 1st period - Shot Misses the Net.
12:29 of 1st period - Shot by Ryan O'Reilly.
12:29 of 1st period - Stopped by Thatcher Demko without a rebound.
12:30 of 1st period - Jordan Staal wins face-off versus Cole Sillinger in Stars zone.
12:31 of 1st period - Shot by Jonathan Huberdeau.
12:31 of 1st period - Stopped by Thatcher Demko without a rebound.
12:32 of 1st period - Jonathan Huberdeau wins face-off versus Nazem Kadri in Stars zone.
12:36 of 1st period - Icing by Matt Grzelcyk.
12:37 of 1st period - Jordan Staal wins face-off versus Nazem Kadri in Stars zone.
13:15 of 1st period - Jonathan Huberdeau is hit by Matt Grzelcyk and loses puck.
13:37 of 1st period - Shot by Alex Ovechkin.
13:37 of 1st period - Stopped by Thatcher Demko without a rebound.
13:38 of 1st period - Elias Lindholm wins face-off versus Jeff Carter in Stars zone.
13:48 of 1st period - Shot by Elias Lindholm.
13:48 of 1st period - Shot Misses the Net.
13:52 of 1st period - Shot by Vincent Trocheck.
13:52 of 1st period - Shot Misses the Net.
14:42 of 1st period - Shot by Phil Kessel.
14:42 of 1st period - Goal by Phil Kessel - Stars : 4 - Kings : 1.
14:42 of 1st period - Alex Nedeljkovic enters game.
14:43 of 1st period - Logan Couture wins face-off versus Cole Sillinger in neutral zone.
15:22 of 1st period - Shot by Ryan O'Reilly.
15:22 of 1st period - Stopped by Thatcher Demko without a rebound.
15:23 of 1st period - Jordan Staal wins face-off versus Viktor Arvidsson in Stars zone.
15:36 of 1st period - Shot by Jonathan Huberdeau.
15:36 of 1st period - Stopped by Thatcher Demko with a rebound.
16:32 of 1st period - Shot by Jon Marchessault.
16:32 of 1st period - Shot Hit the Post.
16:35 of 1st period - Icing by Elias Lindholm.
16:36 of 1st period - Ryan O'Reilly wins face-off versus Carter Verhaeghe in Stars zone.
16:49 of 1st period - Shot by Logan Couture.
16:49 of 1st period - Shot Misses the Net.
16:51 of 1st period - Shot by Ryan O'Reilly.
16:51 of 1st period - Shot Misses the Net.
16:53 of 1st period - Shot by Logan Couture.
16:53 of 1st period - Goal by Logan Couture - Stars : 4 - Kings : 2.
16:54 of 1st period - Matt Duchene wins face-off versus Cole Sillinger in neutral zone.
16:54 of 1st period - Matt Duchene is hit by Rickard Rakell.
16:59 of 1st period - Alex Goligoski is hit by Cole Sillinger and loses puck.
17:23 of 1st period - Matt Duchene is hit by Marcus Pettersson and loses puck.
17:30 of 1st period - Shot by Matt Duchene.
17:30 of 1st period - The goal is going for a video replay.
17:30 of 1st period - The goal is good.
17:30 of 1st period - Goal by Matt Duchene - Stars : 4 - Kings : 3.
17:31 of 1st period - Jordan Staal wins face-off versus Elias Lindholm in neutral zone.
18:35 of 1st period - Henri Jokiharju is hit by Ryan O'Reilly and loses puck.
19:15 of 1st period - Nazem Kadri is hit by Alex Ovechkin and loses puck.
19:53 of 1st period - Shot by Rickard Rakell.
19:53 of 1st period - Shot Misses the Net.
19:55 of 1st period - Shot by Daniil Miromanov.
19:55 of 1st period - Shot Misses the Net.
19:57 of 1st period - Shot by Rickard Rakell.
19:57 of 1st period - Shot Misses the Net.
Goals for this period are 4 for Stars vs 3 for Kings.
Shots for this period are 10 for Stars vs 16 for Kings.

2nd period


0:01 of 2nd period - Elias Lindholm wins face-off versus Jordan Staal in neutral zone.
0:34 of 2nd period - Shot by Elias Lindholm.
0:34 of 2nd period - Shot Misses the Net.
0:36 of 2nd period - Shot by Elias Lindholm.
0:36 of 2nd period - Shot Misses the Net.
2:28 of 2nd period - Shot by Cole Sillinger.
2:28 of 2nd period - Shot Blocked by Mark Giordano.
2:30 of 2nd period - Shot by Marcus Pettersson.
2:30 of 2nd period - Stopped by Alex Nedeljkovic without a rebound.
2:31 of 2nd period - Elias Lindholm wins face-off versus Jeff Carter in Kings zone.
2:32 of 2nd period - Shot by Henri Jokiharju.
2:32 of 2nd period - Shot Misses the Net.
2:34 of 2nd period - Shot by Anton Lundell.
2:34 of 2nd period - Shot Misses the Net.
2:51 of 2nd period - Shot by Henri Jokiharju.
2:51 of 2nd period - Shot Hit the Post.
2:53 of 2nd period - Shot by Elias Lindholm.
2:53 of 2nd period - Shot Misses the Net.
2:55 of 2nd period - Shot by Elias Lindholm.
2:55 of 2nd period - Shot Misses the Net.
2:57 of 2nd period - Shot by Anton Lundell.
2:57 of 2nd period - Shot Misses the Net.
2:59 of 2nd period - Shot by Henri Jokiharju.
2:59 of 2nd period - Shot Misses the Net.
4:10 of 2nd period - Shot by Viktor Arvidsson.
4:10 of 2nd period - Stopped by Alex Nedeljkovic with a rebound.
4:27 of 2nd period - Timo Meier is hit by Mattias Ekholm.
4:44 of 2nd period - Henri Jokiharju is hit by Jordan Staal and loses puck.
4:54 of 2nd period - Elias Lindholm is hit by Mattias Ekholm and loses puck.
5:00 of 2nd period - Minor Penalty to Jaccob Slavin for Holding.
5:01 of 2nd period - Elias Lindholm wins face-off versus Nic Dowd in Kings zone.
5:04 of 2nd period - Shot by Timo Meier.
5:04 of 2nd period - Stopped by Alex Nedeljkovic without a rebound.
5:05 of 2nd period - Nic Dowd wins face-off versus Nazem Kadri in Kings zone.
6:29 of 2nd period - Shot by Matt Grzelcyk.
6:29 of 2nd period - Deflect By Cole Sillinger.
6:29 of 2nd period - Shot Misses the Net.
6:35 of 2nd period - Shot by Elias Lindholm.
6:35 of 2nd period - Shot Misses the Net.
6:37 of 2nd period - Shot by Matt Grzelcyk.
6:37 of 2nd period - Shot Blocked by Mark Giordano.
6:39 of 2nd period - Shot by Elias Lindholm.
6:39 of 2nd period - Stopped by Alex Nedeljkovic without a rebound.
6:40 of 2nd period - Elias Lindholm wins face-off versus Jordan Staal in Kings zone.
6:43 of 2nd period - Shot by Timo Meier.
6:43 of 2nd period - Shot Blocked by Alex Goligoski.
6:50 of 2nd period - Icing by Cole Sillinger.
6:51 of 2nd period - Jordan Staal wins face-off versus Elias Lindholm in Stars zone.
7:30 of 2nd period - Shot by Ryan O'Reilly.
7:30 of 2nd period - Deflect By Alex Ovechkin.
7:30 of 2nd period - Shot Blocked by Marcus Pettersson.
7:32 of 2nd period - Shot by Alex Goligoski.
7:32 of 2nd period - Stopped by Thatcher Demko without a rebound.
7:33 of 2nd period - Matt Duchene wins face-off versus Vincent Trocheck in Stars zone.
7:40 of 2nd period - Shot by Jon Marchessault.
7:40 of 2nd period - Stopped by Thatcher Demko without a rebound.
7:41 of 2nd period - Nazem Kadri wins face-off versus Jon Marchessault in Stars zone.
8:04 of 2nd period - Shot by Timo Meier.
8:04 of 2nd period - Stopped by Alex Nedeljkovic without a rebound.
8:05 of 2nd period - Ryan O'Reilly wins face-off versus Elias Lindholm in Kings zone.
8:30 of 2nd period - Shot by Ryan O'Reilly.
8:30 of 2nd period - Stopped by Thatcher Demko with a rebound.
10:15 of 2nd period - Shot by Mark Giordano.
10:15 of 2nd period - Shot Blocked by Marcus Pettersson.
11:34 of 2nd period - Shot by Tyler Motte.
11:34 of 2nd period - Shot Blocked by Henri Jokiharju.
11:57 of 2nd period - Alex Pietrangelo is hit by Sean Durzi.
12:11 of 2nd period - Shot by Cole Sillinger.
12:11 of 2nd period - Shot Blocked by Alex Pietrangelo.
12:24 of 2nd period - Jonathan Huberdeau is hit by Matt Grzelcyk and loses puck.
12:30 of 2nd period - Matt Grzelcyk is hit by Alex Pietrangelo.
12:47 of 2nd period - Icing by Marcus Pettersson.
12:48 of 2nd period - Ryan O'Reilly wins face-off versus Nazem Kadri in Stars zone.
13:21 of 2nd period - Nazem Kadri is hit by Alex Ovechkin and loses puck.
13:50 of 2nd period - Shot by Mattias Ekholm.
13:50 of 2nd period - Stopped by Thatcher Demko without a rebound.
13:51 of 2nd period - Jeff Carter wins face-off versus Elias Lindholm in Stars zone.
13:51 of 2nd period - Jeff Carter is hit by Evan Bouchard.
13:56 of 2nd period - Icing by Evan Bouchard.
13:57 of 2nd period - Jordan Staal wins face-off versus Elias Lindholm in Stars zone.
13:58 of 2nd period - Shot by Jonathan Huberdeau.
13:58 of 2nd period - Stopped by Thatcher Demko without a rebound.
13:59 of 2nd period - Carter Verhaeghe wins face-off versus Jordan Staal in Stars zone.
14:52 of 2nd period - Icing by Alex Pietrangelo.
14:53 of 2nd period - Jordan Staal wins face-off versus Cole Sillinger in Kings zone.
15:10 of 2nd period - Rickard Rakell is hit by Alex Ovechkin and loses puck.
15:43 of 2nd period - Shot by Ryan O'Reilly.
15:43 of 2nd period - Goal by Ryan O'Reilly - Stars : 4 - Kings : 4.
15:44 of 2nd period - Nazem Kadri wins face-off versus Matt Duchene in neutral zone.
15:51 of 2nd period - Shot by Timo Meier.
15:51 of 2nd period - Stopped by Alex Nedeljkovic with a rebound.
16:27 of 2nd period - Shot by Matt Duchene.
16:27 of 2nd period - Stopped by Thatcher Demko without a rebound.
16:28 of 2nd period - Elias Lindholm wins face-off versus Jordan Staal in Stars zone.
16:28 of 2nd period - Evan Bouchard is hit by Jordan Staal.
16:32 of 2nd period - Jordan Staal is hit by Vincent Trocheck and loses puck.
17:57 of 2nd period - Icing by Ryan O'Reilly.
17:58 of 2nd period - Nazem Kadri wins face-off versus Alex Ovechkin in Kings zone.
18:19 of 2nd period - Shot by Logan Couture.
18:19 of 2nd period - Stopped by Thatcher Demko without a rebound.
18:20 of 2nd period - Matt Duchene wins face-off versus Elias Lindholm in Stars zone.
19:53 of 2nd period - Shot by Alex Pietrangelo.
19:53 of 2nd period - Shot Blocked by Matt Grzelcyk.
Goals for this period are 0 for Stars vs 1 for Kings.
Shots for this period are 6 for Stars vs 8 for Kings.

3rd period


0:01 of 3rd period - Elias Lindholm wins face-off versus Ryan O'Reilly in neutral zone.
0:08 of 3rd period - Shot by Elias Lindholm.
0:08 of 3rd period - Stopped by Alex Nedeljkovic without a rebound.
0:09 of 3rd period - Elias Lindholm wins face-off versus Jordan Staal in Kings zone.
0:43 of 3rd period - Shot by Jonathan Huberdeau.
0:43 of 3rd period - Shot Misses the Net.
0:45 of 3rd period - Shot by Jonathan Huberdeau.
0:45 of 3rd period - Shot Misses the Net.
1:07 of 3rd period - Ryan Suter is hit by Timo Meier.
1:18 of 3rd period - Icing by Alex Pietrangelo.
1:19 of 3rd period - Jordan Staal wins face-off versus Cole Sillinger in Kings zone.
1:28 of 3rd period - Rickard Rakell is hit by Vladimir Tarasenko.
1:45 of 3rd period - Alex Ovechkin is hit by Daniil Miromanov and loses puck.
1:59 of 3rd period - Ryan O'Reilly is hit by Daniil Miromanov and loses puck.
2:22 of 3rd period - Icing by Marcus Pettersson.
2:23 of 3rd period - Jeff Carter wins face-off versus Phil Kessel in Stars zone.
2:29 of 3rd period - Rickard Rakell is hit by Tyler Motte and loses puck.
3:08 of 3rd period - Shot by Mark Giordano.
3:08 of 3rd period - Stopped by Thatcher Demko without a rebound.
3:09 of 3rd period - Nazem Kadri wins face-off versus Matt Duchene in Stars zone.
3:43 of 3rd period - Shot by Viktor Arvidsson.
3:43 of 3rd period - Stopped by Alex Nedeljkovic without a rebound.
3:44 of 3rd period - Ryan O'Reilly wins face-off versus Vincent Trocheck in Kings zone.
3:44 of 3rd period - Ryan O'Reilly is hit by Elias Lindholm.
3:47 of 3rd period - Minor Penalty to Vincent Trocheck for Hooking.
3:48 of 3rd period - Anton Lundell wins face-off versus Ryan O'Reilly in Stars zone.
3:48 of 3rd period - Anton Lundell is hit by Logan Couture.
3:54 of 3rd period - Shot by Ryan O'Reilly.
3:54 of 3rd period - Shot Misses the Net.
3:56 of 3rd period - Shot by Ryan O'Reilly.
3:56 of 3rd period - Shot Misses the Net.
4:02 of 3rd period - Shot by Jon Marchessault.
4:02 of 3rd period - Shot Blocked by Henri Jokiharju.
4:18 of 3rd period - Shot by Ryan O'Reilly.
4:18 of 3rd period - Stopped by Thatcher Demko without a rebound.
4:19 of 3rd period - Matt Duchene wins face-off versus Anton Lundell in Stars zone.
5:28 of 3rd period - Shot by Mattias Ekholm.
5:28 of 3rd period - Shot Hit the Post.
5:30 of 3rd period - Shot by Vladimir Tarasenko.
5:30 of 3rd period - Stopped by Thatcher Demko with a rebound.
5:32 of 3rd period - Shot by Mattias Ekholm.
5:32 of 3rd period - Stopped by Thatcher Demko without a rebound.
5:33 of 3rd period - Anton Lundell wins face-off versus Ryan O'Reilly in Stars zone.
5:33 of 3rd period - Josh Archibald is hit by Vladimir Tarasenko.
5:59 of 3rd period - Shot by Nic Dowd.
5:59 of 3rd period - Stopped by Thatcher Demko without a rebound.
6:00 of 3rd period - Jeff Carter wins face-off versus Cole Sillinger in Stars zone.
6:14 of 3rd period - Minor Penalty to Cole Sillinger for Hooking.
6:15 of 3rd period - Anton Lundell wins face-off versus Matt Duchene in Stars zone.
8:01 of 3rd period - Off-side.
8:02 of 3rd period - Teddy Blueger wins face-off versus Matt Duchene in neutral zone.
8:08 of 3rd period - Icing by Alex Ovechkin.
8:09 of 3rd period - Matt Duchene wins face-off versus Josh Archibald in Kings zone.
8:24 of 3rd period - Shot by Nic Dowd.
8:24 of 3rd period - Shot Misses the Net.
8:52 of 3rd period - Shot by Jeff Carter.
8:52 of 3rd period - Stopped by Thatcher Demko without a rebound.
8:53 of 3rd period - Jordan Staal wins face-off versus Timo Meier in Stars zone.
9:00 of 3rd period - Shot by Vladimir Tarasenko.
9:00 of 3rd period - Stopped by Thatcher Demko without a rebound.
9:01 of 3rd period - Vladimir Tarasenko wins face-off versus Nazem Kadri in Stars zone.
9:20 of 3rd period - Shot by Timo Meier.
9:20 of 3rd period - Deflect By Viktor Arvidsson.
9:20 of 3rd period - Shot Misses the Net.
9:22 of 3rd period - Shot by Nazem Kadri.
9:22 of 3rd period - Stopped by Alex Nedeljkovic with a rebound.
9:24 of 3rd period - Shot by Henri Jokiharju.
9:24 of 3rd period - Shot Misses the Net.
9:26 of 3rd period - Shot by Henri Jokiharju.
9:26 of 3rd period - Shot Misses the Net.
9:45 of 3rd period - Nazem Kadri is hit by Alex Pietrangelo and loses puck.
9:53 of 3rd period - Icing by Alex Pietrangelo.
9:54 of 3rd period - Elias Lindholm wins face-off versus Jordan Staal in Kings zone.
10:11 of 3rd period - Shot by Elias Lindholm.
10:11 of 3rd period - Stopped by Alex Nedeljkovic with a rebound.
10:28 of 3rd period - Shot by Ryan O'Reilly.
10:28 of 3rd period - Stopped by Thatcher Demko without a rebound.
10:29 of 3rd period - Cole Sillinger wins face-off versus Alex Ovechkin in Stars zone.
10:44 of 3rd period - Shot by Ryan O'Reilly.
10:44 of 3rd period - Stopped by Thatcher Demko without a rebound.
10:45 of 3rd period - Nazem Kadri wins face-off versus Brandon Saad in Stars zone.
11:20 of 3rd period - Jon Marchessault is hit by Nazem Kadri and loses puck.
11:49 of 3rd period - Matt Duchene is hit by Matt Grzelcyk and loses puck.
12:56 of 3rd period - Ryan Suter is hit by Rickard Rakell and loses puck.
13:00 of 3rd period - Icing by Ryan Suter.
13:01 of 3rd period - Ryan O'Reilly wins face-off versus Nazem Kadri in Kings zone.
13:08 of 3rd period - Shot by Nazem Kadri.
13:08 of 3rd period - Shot Misses the Net.
13:10 of 3rd period - Shot by Nazem Kadri.
13:10 of 3rd period - Stopped by Alex Nedeljkovic without a rebound.
13:11 of 3rd period - Jordan Staal wins face-off versus Cole Sillinger in Kings zone.
13:11 of 3rd period - Jordan Staal is hit by Phil Kessel.
13:27 of 3rd period - Shot by Jonathan Huberdeau.
13:27 of 3rd period - Stopped by Thatcher Demko without a rebound.
13:28 of 3rd period - Elias Lindholm wins face-off versus Jeff Carter in Stars zone.
13:50 of 3rd period - Evan Bouchard is hit by Mark Giordano and loses puck.
14:05 of 3rd period - Shot by Anton Lundell.
14:05 of 3rd period - Stopped by Alex Nedeljkovic with a rebound.
14:46 of 3rd period - Shot by Vladimir Tarasenko.
14:46 of 3rd period - Shot Blocked by Evan Bouchard.
14:48 of 3rd period - Shot by Ryan Suter.
14:48 of 3rd period - Stopped by Thatcher Demko without a rebound.
14:49 of 3rd period - Nazem Kadri wins face-off versus Ryan O'Reilly in Stars zone.
14:49 of 3rd period - Nazem Kadri is hit by Alex Ovechkin.
15:10 of 3rd period - Shot by Alex Ovechkin.
15:10 of 3rd period - Stopped by Thatcher Demko without a rebound.
15:11 of 3rd period - Jordan Staal wins face-off versus Cole Sillinger in Stars zone.
15:12 of 3rd period - Shot by Alex Pietrangelo.
15:12 of 3rd period - Shot Misses the Net.
15:14 of 3rd period - Shot by Jordan Staal.
15:14 of 3rd period - Shot Misses the Net.
15:16 of 3rd period - Shot by Jordan Staal.
15:16 of 3rd period - Stopped by Thatcher Demko without a rebound.
15:17 of 3rd period - Nazem Kadri wins face-off versus Jordan Staal in Stars zone.
15:17 of 3rd period - Nazem Kadri is hit by Jonathan Huberdeau.
15:34 of 3rd period - Nazem Kadri is hit by Ryan Suter and loses puck.
16:13 of 3rd period - Icing by Matt Grzelcyk.
16:14 of 3rd period - Nazem Kadri wins face-off versus Ryan O'Reilly in Stars zone.
16:24 of 3rd period - Icing by Mattias Ekholm.
16:25 of 3rd period - Elias Lindholm wins face-off versus Ryan O'Reilly in Kings zone.
16:42 of 3rd period - Shot by Ryan O'Reilly.
16:42 of 3rd period - Shot Hit the Post.
16:50 of 3rd period - Shot by Alex Ovechkin.
16:50 of 3rd period - Shot Hit the Post.
17:04 of 3rd period - Shot by Ryan O'Reilly.
17:04 of 3rd period - Stopped by Thatcher Demko without a rebound.
17:05 of 3rd period - Cole Sillinger wins face-off versus Jordan Staal in Stars zone.
17:05 of 3rd period - Rickard Rakell is hit by Jonathan Huberdeau and loses puck.
17:10 of 3rd period - Shot by Jonathan Huberdeau.
17:10 of 3rd period - Shot Blocked by Daniil Miromanov.
17:14 of 3rd period - Shot by Jonathan Huberdeau.
17:14 of 3rd period - Shot Misses the Net.
17:23 of 3rd period - Minor Penalty to Marcus Pettersson for Holding.
17:24 of 3rd period - Anton Lundell wins face-off versus Matt Duchene in Stars zone.
18:39 of 3rd period - Shot by Jon Marchessault.
18:39 of 3rd period - Stopped by Thatcher Demko without a rebound.
18:40 of 3rd period - Teddy Blueger wins face-off versus Ryan O'Reilly in Stars zone.
18:40 of 3rd period - Teddy Blueger is hit by Vladimir Tarasenko.
18:49 of 3rd period - Icing by Vladimir Tarasenko.
18:50 of 3rd period - Teddy Blueger wins face-off versus Ryan O'Reilly in Kings zone.
19:57 of 3rd period - Jaccob Slavin is hit by Timo Meier.
Goals for this period are 0 for Stars vs 0 for Kings.
Shots for this period are 6 for Stars vs 15 for Kings.

Overtime #1


0:01 of 1st overtime period - Elias Lindholm wins face-off versus Jordan Staal in neutral zone.
0:49 of 1st overtime period - Icing by Henri Jokiharju.
0:50 of 1st overtime period - Ryan O'Reilly wins face-off versus Elias Lindholm in Stars zone.
1:22 of 1st overtime period - Icing by Nazem Kadri.
1:23 of 1st overtime period - Nazem Kadri wins face-off versus Matt Duchene in Stars zone.
1:52 of 1st overtime period - Shot by Matt Duchene.
1:52 of 1st overtime period - Stopped by Thatcher Demko without a rebound.
1:53 of 1st overtime period - Jordan Staal wins face-off versus Cole Sillinger in Stars zone.
2:22 of 1st overtime period - Shot by Rickard Rakell.
2:22 of 1st overtime period - Shot Misses the Net.
2:24 of 1st overtime period - Shot by Rickard Rakell.
2:24 of 1st overtime period - Shot Misses the Net.
3:15 of 1st overtime period - Icing by Alex Ovechkin.
3:16 of 1st overtime period - Nazem Kadri wins face-off versus Ryan O'Reilly in Kings zone.
3:19 of 1st overtime period - Shot by Timo Meier.
3:19 of 1st overtime period - Stopped by Alex Nedeljkovic with a rebound.
3:22 of 1st overtime period - Icing by Mattias Ekholm.
3:23 of 1st overtime period - Ryan O'Reilly wins face-off versus Nazem Kadri in Kings zone.
3:23 of 1st overtime period - Ryan O'Reilly is hit by Timo Meier.
3:26 of 1st overtime period - Icing by Alex Ovechkin.
3:27 of 1st overtime period - Ryan O'Reilly wins face-off versus Elias Lindholm in Kings zone.
3:29 of 1st overtime period - Logan Couture is hit by Vincent Trocheck and loses puck.
4:27 of 1st overtime period - Alex Pietrangelo is hit by Sean Durzi.
5:06 of 1st overtime period - Jonathan Huberdeau is hit by Matt Grzelcyk and loses puck.
5:27 of 1st overtime period - Shot by Phil Kessel.
5:27 of 1st overtime period - Shot Misses the Net.
5:33 of 1st overtime period - Shot by Mark Giordano.
5:33 of 1st overtime period - Shot Blocked by Rickard Rakell.
5:35 of 1st overtime period - Shot by Matt Duchene.
5:35 of 1st overtime period - Shot Blocked by Marcus Pettersson.
5:37 of 1st overtime period - Shot by Jon Marchessault.
5:37 of 1st overtime period - Shot Misses the Net.
5:39 of 1st overtime period - Shot by Brandon Saad.
5:39 of 1st overtime period - Stopped by Thatcher Demko without a rebound.
5:40 of 1st overtime period - Anton Lundell wins face-off versus Jeff Carter in Stars zone.
5:47 of 1st overtime period - Shot by Vincent Trocheck.
5:47 of 1st overtime period - Stopped by Alex Nedeljkovic with a rebound.
6:05 of 1st overtime period - Shot by Vincent Trocheck.
6:05 of 1st overtime period - Stopped by Alex Nedeljkovic without a rebound.
6:06 of 1st overtime period - Cole Sillinger wins face-off versus Alex Ovechkin in Kings zone.
6:11 of 1st overtime period - Shot by Rickard Rakell.
6:11 of 1st overtime period - Stopped by Alex Nedeljkovic without a rebound.
6:12 of 1st overtime period - Ryan O'Reilly wins face-off versus Phil Kessel in Kings zone.
6:16 of 1st overtime period - Alex Pietrangelo is hit by Marcus Pettersson and loses puck.
6:41 of 1st overtime period - Shot by Rickard Rakell.
6:41 of 1st overtime period - Stopped by Alex Nedeljkovic without a rebound.
6:42 of 1st overtime period - Jordan Staal wins face-off versus Elias Lindholm in Kings zone.
6:42 of 1st overtime period - Jonathan Huberdeau is hit by Vincent Trocheck and loses puck.
6:47 of 1st overtime period - Shot by Carter Verhaeghe.
6:47 of 1st overtime period - Stopped by Alex Nedeljkovic without a rebound.
6:48 of 1st overtime period - Elias Lindholm wins face-off versus Jordan Staal in Kings zone.
7:11 of 1st overtime period - Shot by Carter Verhaeghe.
7:11 of 1st overtime period - Shot Misses the Net.
7:30 of 1st overtime period - Shot by Elias Lindholm.
7:30 of 1st overtime period - Stopped by Alex Nedeljkovic without a rebound.
7:31 of 1st overtime period - Nazem Kadri wins face-off versus Ryan O'Reilly in Kings zone.
7:51 of 1st overtime period - Off-side.
7:52 of 1st overtime period - Matt Duchene wins face-off versus Cole Sillinger in neutral zone.
8:03 of 1st overtime period - Shot by Jon Marchessault.
8:03 of 1st overtime period - Stopped by Thatcher Demko without a rebound.
8:04 of 1st overtime period - Elias Lindholm wins face-off versus Jonathan Huberdeau in Stars zone.
8:27 of 1st overtime period - Shot by Jonathan Huberdeau.
8:27 of 1st overtime period - Shot Blocked by Evan Bouchard.
8:32 of 1st overtime period - Vincent Trocheck is hit by Jordan Staal and loses puck.
9:08 of 1st overtime period - Off-side.
9:09 of 1st overtime period - Ryan O'Reilly wins face-off versus Cole Sillinger in neutral zone.
10:20 of 1st overtime period - Shot by Timo Meier.
10:20 of 1st overtime period - Stopped by Alex Nedeljkovic with a rebound.
10:37 of 1st overtime period - Matt Grzelcyk is hit by Alex Goligoski and loses puck.
11:04 of 1st overtime period - Shot by Elias Lindholm.
11:04 of 1st overtime period - Shot Misses the Net.
11:41 of 1st overtime period - Icing by Brandon Saad.
11:42 of 1st overtime period - Cole Sillinger wins face-off versus Jon Marchessault in Kings zone.
12:11 of 1st overtime period - Shot by Jonathan Huberdeau.
12:11 of 1st overtime period - Shot Misses the Net.
12:15 of 1st overtime period - Shot by Jordan Staal.
12:15 of 1st overtime period - Shot Misses the Net.
12:17 of 1st overtime period - Shot by Jonathan Huberdeau.
12:17 of 1st overtime period - Stopped by Thatcher Demko without a rebound.
12:18 of 1st overtime period - Jeff Carter wins face-off versus Nazem Kadri in Stars zone.
12:18 of 1st overtime period - Jeff Carter is hit by Matt Grzelcyk.
12:31 of 1st overtime period - Icing by Nic Dowd.
12:32 of 1st overtime period - Jeff Carter wins face-off versus Elias Lindholm in Kings zone.
12:49 of 1st overtime period - Icing by Alex Pietrangelo.
12:50 of 1st overtime period - Jeff Carter wins face-off versus Nazem Kadri in Kings zone.
13:05 of 1st overtime period - Icing by Viktor Arvidsson.
13:06 of 1st overtime period - Nazem Kadri wins face-off versus Jordan Staal in Stars zone.
13:06 of 1st overtime period - Nazem Kadri is hit by Jordan Staal.
13:32 of 1st overtime period - Jonathan Huberdeau is hit by Matt Grzelcyk and loses puck.
13:38 of 1st overtime period - Matt Grzelcyk is hit by Mattias Ekholm.
13:40 of 1st overtime period - Shot by Nazem Kadri.
13:40 of 1st overtime period - Stopped by Alex Nedeljkovic without a rebound.
13:41 of 1st overtime period - Ryan O'Reilly wins face-off versus Elias Lindholm in Kings zone.
13:54 of 1st overtime period - Shot by Alex Ovechkin.
13:54 of 1st overtime period - Deflect By Ryan O'Reilly.
13:54 of 1st overtime period - Stopped by Thatcher Demko with a rebound.
13:56 of 1st overtime period - Shot by Alex Ovechkin.
13:56 of 1st overtime period - Shot Misses the Net.
14:12 of 1st overtime period - Shot by Alex Ovechkin.
14:12 of 1st overtime period - Goal by Alex Ovechkin - Stars : 4 - Kings : 5.
Goals for this period are 0 for Stars vs 1 for Kings.
Shots for this period are 9 for Stars vs 6 for Kings.